 Dungeon Crawl Stone Soup version 0.32-a0-732-ga344392067 (webtiles) character file.

Game seed: 867614142172947696

12 gimp the Digger (level 2, 0/20 HPs)
             Began as an Armataur Earth Elementalist on Mar 16, 2024.
             Slain by an orc
             ... wielding a +0 flail
              (6 damage)
             ... on level 2 of the Dungeon.
             The game lasted 00:00:47 (570 turns).

gimp the Digger (Armataur Earth Elementalist)        Turns: 570, Time: 00:00:47

Health: 0/20       AC:  4    Str: 13    XL:     2   Next: 20%
Magic:  5/5        EV:  8    Int: 15    God:
Gold:   32         SH:  0    Dex: 10    Spells: 4/5 levels left

rFire   . . .        e - +1 dagger (speed)
rCold   . . .        (no shield)
rNeg    . . .        a - +0 robe
rPois   .            (no helmet)
rElec   .            (no cloak)
rCorr   .            (no gloves)
SInv    .            (no barding)
Will    .....        (no amulet)
Stlth   ++           (no ring)
HPRegen 0.23/turn    (no ring)
MPRegen 0.09/turn

%: roll
@: no status effects
A: large, deformed body, tough skin 3, armoured tail, rollpage 1
a: no special abilities


You were on level 2 of the Dungeon.
You visited 1 branch of the dungeon, and saw 2 of its levels.

You collected 32 gold pieces.

Inventory:

Hand Weapons
 e - a +1 dagger of speed (weapon)
Armour
 a - a +0 robe (worn)
Scrolls
 f - a scroll of poison {unknown}
 g - 3 scrolls of identify {unknown}
 h - a scroll of amnesia {unknown}
 i - a scroll of blinking {unknown}
Potions
 c - a potion of curing {unknown}
 d - 2 potions of brilliance {unknown}


   Skills:
 - Level 1.3 Dodging
 - Level 2.1 Stealth
 + Level 2.0 Spellcasting
 + Level 1.3 Conjurations
 + Level 2.9 Earth Magic


You had 4 spell levels left.
You knew the following spells:

 Your Spells              Type           Power      Damage    Failure   Level
a - Sandblast             Erth           20%        2d7       7%          1

Your spell library contained the following spells:

 Spells                   Type           Power      Damage    Failure   Level
 Passwall                 Erth           10%        N/A       21%         3
 Stone Arrow              Conj/Erth      16%        3d8       26%         3
 Frozen Ramparts          Ice            2%         1d1       54%         3
 Ozocubu's Armour         Ice            1%         N/A       54%         3
 Brom's Barrelling Bould  Conj/Erth      8%         2d3       65%         4
 Petrify                  Alch/Erth      5%         N/A       77%         4
 Metabolic Englaciation   Hex/Ice        0%         N/A       99%         5


Dungeon Overview and Level Annotations

Branches:
Dungeon (2/15)

Altars:


Innate Abilities, Weirdness & Mutations

Armour fits poorly on your strangely shaped body.
You have extremely tough skin. (AC +3)
You have a long armoured tail.
You regenerate magic when rolling toward enemies. (Rampage MPRegen)


Message History

The blast of sand misses the kobold.
The kobold hits you with a +0 club. The kobold closely misses you.
You take 1 damage, and have 13/14 hp.
You now have 1/3 mp.
Casting: Sandblast (safe; 7% risk of failure)
Confirm with . or Enter, or press ? or * to list all spells.
Aiming: Sandblast (safe; 7% risk of failure)
Press: ? - help, Shift-Dir - straight line, f/p - kobold
Aim: a kobold, wielding a +0 club and quivering stones (moderately wounded, 76% to hit)
The blast of sand misses the kobold.
The kobold hits you with a +0 club.
You take 3 damage, and have 10/14 hp.
MASSIVE DAMAGE!!
You now have 0/3 mp.
You miss the kobold. You tail-slap the kobold.
You kill the kobold!
An orc comes into view. It is wielding a +0 flail.
You hit the orc.
The orc is lightly wounded.
You hit the orc.
Your tail-slap misses the orc.
The orc is heavily wounded.
The orc closely misses you.
You barely miss the orc. You tail-slap the orc.
You kill the orc!
Your Spellcasting skill increases to level 2!
You have reached level 2!
You regained 5 hp, and now have 15/20 hp.
An orc comes into view. It is wielding a +0 club.
You regained 3 hp, and now have 18/20 hp.
An orc is nearby!
Casting: Sandblast (safe; 7% risk of failure)
Confirm with . or Enter, or press ? or * to list all spells.
Aiming: Sandblast (safe; 7% risk of failure)
Press: ? - help, Shift-Dir - straight line, f - orc
Aim: an orc, wielding a +0 club (82% to hit)
The blast of sand hits the orc!
You kill the orc!
You hear a shout!
An orc comes into view. It is wielding a +0 dagger.
You now have 0/5 mp.
An orc is nearby!
You roll towards the orc!
An orc comes into view. It is wielding a +0 flail.
The orc shouts!
You hit the orc but do no damage. The orc misses you.
Health restored: 20
Casting: Sandblast (safe; 7% risk of failure)
Confirm with . or Enter, or press ? or * to list all spells.
Aiming: Sandblast (safe; 7% risk of failure)
Press: ? - help, Shift-Dir - straight line, f - orc
Aim: an orc, wielding a +0 dagger (82% to hit)
You miscast Sandblast.
You are very lightly contaminated with residual magic.
Nothing appears to happen.
The orc hits you but does no damage. The orc attacks as it pursues you!
The orc hits you with a +0 dagger.
You take 1 damage, and have 19/20 hp.
You hit the orc.
The orc is moderately wounded.
The orc attacks as it pursues you! The orc completely misses you.
Casting: Sandblast (safe; 7% risk of failure)
Confirm with . or Enter, or press ? or * to list all spells.
Aiming: Sandblast (safe; 7% risk of failure)
Press: ? - help, Shift-Dir - straight line, f/p - orc
Aim: an orc, wielding a +0 dagger (moderately wounded, 82% to hit)
The blast of sand hits the orc.
The orc is severely wounded.
The orc hits you with a +0 dagger. The orc closely misses you.
You take 2 damage, and have 17/20 hp.
You now have 0/5 mp.
Casting: Sandblast (safe; 7% risk of failure)
Confirm with . or Enter, or press ? or * to list all spells.
You don't have enough magic to cast this spell.
You barely miss the orc.
The orc is severely wounded.
You closely miss the orc.
Your tail-slap misses the orc.
The orc is severely wounded.
The orc hits you with a +0 dagger.
You take 2 damage, and have 15/20 hp.
You hit the orc.
The orc is almost dead.
The orc hits you with a +0 dagger.
Your magical contamination has completely faded away.
You take 1 damage, and have 14/20 hp.
Casting: Sandblast (safe; 7% risk of failure)
Confirm with . or Enter, or press ? or * to list all spells.
Aiming: Sandblast (safe; 7% risk of failure)
Press: ? - help, Shift-Dir - straight line, f/p - orc
Aim: an orc, wielding a +0 dagger (almost dead, 82% to hit)
The blast of sand hits the orc!
You kill the orc!
The orc hits you but does no damage.
You now have 0/5 mp.
You closely miss the orc. You hit the orc but do no damage.
The orc closely misses you.
An orc wizard comes into view. It is wielding a +0 dagger.
You barely miss the orc.
The orc wizard shouts!
The orc hits you with a +0 flail!
* * * LOW HITPOINT WARNING * * *
The orc wizard gestures wildly while chanting.
The orc wizard flickers and vanishes!
Deactivating autopickup; reactivate with Ctrl-A.
You take 9 damage, and have 6/20 hp.
MASSIVE DAMAGE!!
Magic courses through your body. The orc hits you with a +0 flail.
You die...

#......# #####.#
##.####.# #......
.....##.# ##.###.#
##.#.##.# #...##.#
#.#.##.# #.)###.#.#
#......# #.# ##{.#
###.#### #. #.##
####.# #. ##o# #.##.#
#.###@## ...#.#
#...## .....# ###.#
...### #.# #.## ##.##
...###########...####
....................+
...###########...####
#.## ##.##


You could see an orc.

Vanquished Creatures
  3 orcs (D:2)
  A goblin (D:1)
  A hobgoblin (D:2)
  A quokka (D:1)
  A ball python (D:1)
  A kobold (D:2)
  A rat (D:1)
9 creatures vanquished.

Notes
Turn   | Place    | Note
-------+----------+-------------------------------------------
     0 | D:1      | gimp the Armataur Earth Elementalist began the quest for
                  | the Orb.
     0 | D:1      | Reached XP level 1. HP: 14/14 MP: 3/3
    88 | D:1      | Reached skill level 1 in Conjurations
   539 | D:2      | Reached XP level 2. HP: 15/20 MP: 0/5
   570 | D:2      | Slain by an orc

Illustrated notes

Levels and vault maps discovered:
D:1:      minmay_arrival_radiant_lines, layout_rooms
D:2:      layout_loops_corners, uniq_terence

Skill      XL: |  1 |
---------------+----+-----
Conjurations   | 1 |  1.3
Spellcasting   | 2 |  2.0
Dodging        | |  1.3
Stealth        | |  2.1
Earth Magic    | |  2.9

Action                     || total
---------------------------++-------
  Melee: Dagger            ||    13
         Tailslap          ||     2
   Cast: Sandblast         ||    12
    Use: Potion            ||     1
 Armour: Robe              ||    12
  Dodge: Dodged            ||     6

Table legend: (Time is in decaauts)
 A = Elapsed time spent in this place.
 B = Non-inter-level travel time spent in this place.
 C = Inter-level travel time spent in this place.
 D = Time resting spent in this place.
 E = Time spent auto-exploring this place.
 F = Levels seen in this place.
 G = Mean time per level.
                   A        B        C        D        E       F      G
               +--------+--------+--------+--------+--------+-----+--------+
         Total |    570 |    539 |     31 |      0 |    464 |   2 |  285.0 |
       Dungeon |    570 |    539 |     31 |      0 |    464 |   2 |  285.0 |
               +--------+--------+--------+--------+--------+-----+--------+

Top non-repeatable levels by time:
     D:1: 372 daAuts
     D:2: 198 daAuts
